 Dungeon Crawl Stone Soup version 0.26-a0-834-g69557b85cc (webtiles) character file.

Game seed: 8611500480414883671

2423 robertstho the Thaumaturge (level 9, -5/70 HPs)
             Began as a Deep Elf Fire Elementalist on Nov 16, 2020.
             Killed by divine providence
             ... invoked by an orc priest
              (14 damage)
             ... on level 7 of the Dungeon.
             The game lasted 00:13:44 (7794 turns).

robertstho the Thaumaturge (DEFE)                   Turns: 7794, Time: 00:13:45

Health: -5/70      AC: 24    Str:  5    XL:     9   Next: 24%
Magic:  6/25       EV:  2    Int: 24    God:
Gold:   397        SH:  0    Dex: 15    Spells: 16/29 levels left

rFire    . . .     SeeInvis .   g - +1 dagger (venom)
rCold    . . .     Faith    .   (no shield)
rNeg     + + +     Spirit   .   (armour currently unavailable)
rPois    +         Reflect  .   (helmet currently unavailable)
rElec    .         Harm     .   (cloak currently unavailable)
rCorr    .         Rampage  .   (gloves currently unavailable)
MR       .....     NoTele   +   (boots currently unavailable)
Stlth    +++.......             (no amulet)
HPRegen  0.21/turn              (no ring)
MPRegen  0.19/turn              (no ring)

@: tree-form
A: no striking features
a: no special abilities


You were on level 7 of the Dungeon.
You were a tree.
You visited 1 branch of the dungeon, and saw 7 of its levels.

You collected 397 gold pieces.

Inventory:

Hand Weapons
 g - a +1 dagger of venom (weapon)
 x - a +2 flail of draining
 B - the +9 hunting sling "Ezyukit" {freeze, +Blink rElec rC-, unknown}
   (You found it on level 6 of the Dungeon)

   It causes projectiles fired from it to freeze those they strike, causing
   extra injury to most foes and up to half again as much damage against
   particularly susceptible opponents.
   They can also slow down cold-blooded creatures.
   It makes you vulnerable to cold.
   It insulates you from electricity.
   It lets you blink.
Missiles
 s - 24 poisoned darts (quivered)
Armour
 a - a +0 robe (melded)
 r - a +0 pair of gloves (melded)
 A - a scarf of invisibility (melded)
Jewellery
 d - an uncursed amulet of the acrobat {unknown}
 q - an uncursed amulet of magic regeneration {unknown}
 y - an uncursed amulet of reflection {unknown}
 z - an uncursed amulet of faith {unknown}
Wands
 o - a wand of flame (34)
Scrolls
 b - 3 scrolls of amnesia {unknown}
 c - 5 scrolls of teleportation {unknown}
 f - 8 scrolls of identify {unknown}
 i - 2 scrolls of fog {unknown}
 m - 2 scrolls of enchant armour {unknown}
 n - 3 scrolls of remove curse {unknown}
 t - a scroll of magic mapping {unknown}
 C - a scroll of enchant weapon {unknown}
Potions
 e - 3 potions of curing {unknown}
 h - 5 potions of lignification
 j - a potion of invisibility {unknown}
 k - 3 potions of degeneration {unknown}
 l - 2 potions of mutation {unknown}
 p - a potion of heal wounds {unknown}
 u - a potion of attraction {unknown}
 v - 2 potions of might {unknown}
 w - 2 potions of ambrosia {unknown}


   Skills:
 + Level 1.2 Fighting
 + Level 1.0 Short Blades
 + Level 3.5 Dodging
 + Level 4.4 Stealth
 * Level 10.6 Spellcasting
 + Level 4.7 Conjurations
 * Level 8.8 Fire Magic


You had 16 spell levels left.
You knew the following spells:

 Your Spells              Type           Power        Failure   Level
a - Foxfire               Conj/Fire      ####         1%          1
b - Conjure Flame         Conj/Fire      #####...     1%          3
c - Sticky Flame          Conj/Fire      #####...     3%          4
d - Fireball              Conj/Fire      #####.....   9%          5

Your spell library contained the following spells:

 Spells                   Type           Power        Failure   Level
 Inner Flame              Hex/Fire       ####....     2%          3
 Animate Skeleton         Necr           ##....       4%          1
 Apportation              Tloc           ##....       4%          1
 Corona                   Hex            ##.....      4%          1
 Summon Small Mammal      Summ           ##..         4%          1
 Dazzling Flash           Conj/Hex       ###...       5%          3
 Ensorcelled Hibernation  Hex/Ice        ##....       8%          2
 Confusing Touch          Hex            ##......     16%         3
 Tukima's Dance           Hex            ##......     16%         3


Dungeon Overview and Level Annotations

Branches:
Dungeon (7/15)             Temple (0/1) D:5

Altars:
Ashenzari
Elyvilon
Makhleb
Qazlal
Trog
Xom
Zin
The Shining One

Annotations:
D:6 2 transporters, jasper's ghost, novice PaDe


Message History

Press: ? - help, Shift-Dir - straight line, f - orc priest
Aim: an orc priest, wielding a +0 flail (severely wounded)
The puff of flame misses the orc priest.
Evoke which item? (* to show all) (? for menu, Esc to quit)
Aiming: Throw Flame
Press: ? - help, Shift-Dir - straight line, f/p - orc priest
Aim: an orc priest, wielding a +0 flail (severely wounded)
The puff of flame misses the orc priest.
It was a potion of lignification.
You turn into a tree.
Your scarf of invisibility melds into your body.
Your +0 pair of gloves melds into your body.
Your +0 robe melds into your body.
Your roots penetrate the ground.
Evoke which item? (* to show all) (? for menu, Esc to quit)
Aiming: Throw Flame
Press: ? - help, Shift-Dir - straight line, f/p - orc priest
Aim: an orc priest, wielding a +0 flail (severely wounded)
The puff of flame misses the orc priest.
The orc priest mumbles some strange prayers to Beogh against you.
Beogh smites you!
You die...

.....#
#)g........####
.....#
#.#........#
##..##
###.#....>..##
#.## #...#.......#
#.## #g###.......#
+..## #S#
######### #...##
#o# #....#### #§#
#.......#######♣#
......##.......#.#
.....#########...#
#...## ##.## #####
###


You could see a gnoll sergeant, an orc priest and an adder.

Vanquished Creatures
  Grinder (D:5)
  Sigmund (D:2)
  3 ice beasts
  An orc warrior (D:7)
  4 phantoms
  3 ogres
  A centaur (D:7)
  A gnoll sergeant (D:5)
  A howler monkey (D:4)
  A bullfrog skeleton (D:4)
  A centaur zombie (D:7)
  4 orc priests
  A jelly (D:6)
  3 hounds
  An iguana (D:4)
  2 worker ants
  4 orc wizards
  Ijyb (D:3)
  A hound skeleton (D:7)
  A worker ant zombie (D:3)
  14 gnolls
  11 adders
  A shadow imp (D:5)
  2 ufetubi
  An ooze (D:2)
  5 worms
  4 leopard geckos
  19 orcs
  12 bats
  2 giant cockroaches
  10 goblins
  6 hobgoblins
  6 jackals
  6 quokkas
  2 ball pythons (D:1)
  5 frilled lizards
  8 kobolds
  4 rats
154 creatures vanquished.

Vanquished Creatures (others)
  An orc wizard (D:7)
  642 foxfires
643 creatures vanquished.

Grand Total: 797 creatures vanquished

Notes
Turn   | Place    | Note
-------+----------+-------------------------------------------
     0 | D:1      | robertstho the Deep Elf Fire Elementalist began the quest
                  | for the Orb.
     0 | D:1      | Reached XP level 1. HP: 10/10 MP: 6/6
   598 | D:1      | Reached XP level 2. HP: 14/15 MP: 4/8
  1614 | D:2      | Reached XP level 3. HP: 19/19 MP: 2/10
  1615 | D:2      | Reached skill level 4 in Spellcasting
  2050 | D:2      | Reached XP level 4. HP: 24/24 MP: 9/12
  2534 | D:2      | Reached skill level 5 in Spellcasting
  2658 | D:2      | Found a shimmering altar of Xom.
  2704 | D:2      | Noticed Sigmund
  2714 | D:2      | Killed Sigmund
  2715 | D:2      | Reached skill level 6 in Spellcasting
  2715 | D:2      | Reached XP level 5. HP: 28/28 MP: 6/15
  2835 | D:2      | Reached XP level 6. HP: 32/32 MP: 11/17
  2837 | D:2      | Reached skill level 5 in Fire Magic
  3638 | D:3      | Noticed Ijyb
  3649 | D:3      | Killed Ijyb
  3794 | D:3      | Found a broken altar of Ashenzari.
  3890 | D:3      | Reached skill level 7 in Spellcasting
  3939 | D:3      | Learned a level 3 spell: Conjure Flame
  3944 | D:3      | Learned a level 4 spell: Sticky Flame
  3950 | D:3      | Learned a level 5 spell: Fireball
  4537 | D:4      | Reached XP level 7. HP: 19/36 MP: 16/19
  4690 | D:4      | Found a burning altar of Makhleb.
  4697 | D:4      | Found a glowing silver altar of Zin.
  4697 | D:4      | Noticed an angel
  4698 | D:4      | Noticed a blizzard demon
  5059 | D:4      | Found a bloodstained altar of Trog.
  5387 | D:5      | Entered Level 5 of the Dungeon
  5387 | D:5      | Found a staircase to the Ecumenical Temple.
  5408 | D:5      | Reached skill level 1 in Fighting
  5490 | D:5      | Noticed Grinder
  5498 | D:5      | Killed Grinder
  5499 | D:5      | Reached skill level 8 in Spellcasting
  5499 | D:5      | Reached XP level 8. HP: 43/43 MP: 9/22
  5645 | D:5      | Reached skill level 9 in Spellcasting
  5853 | D:5      | Reached skill level 1 in Short Blades
  6313 | D:6      | Got a bloodstained hunting sling
  6331 | D:6      | Found a stormy altar of Qazlal.
  6392 | D:6      | Found a transporter.
  6393 | D:6      | Noticed jasper's ghost (novice PaDe)
  6394 | D:6      | Identified the +10 great mace "Qurinev" {vorpal, Int+4}
  6394 | D:6      | Noticed a two-headed ogre
  6540 | D:6      | Reached skill level 10 in Spellcasting
  6939 | D:6      | Found a white marble altar of Elyvilon.
  6944 | D:6      | Found a glowing golden altar of the Shining One.
  7040 | D:6      | Reached XP level 9. HP: 12/47 MP: 13/25
  7400 | D:6      | Found a transporter.
  7794 | D:7      | Killed from afar by an orc priest

Illustrated notes

Levels and vault maps discovered:
D:1:      lemuel_arrival_funnel, layout_loops_ring
D:2:      layout_basic, lemuel_crystal_altar, minmay_quadrilaterals,
          uniq_sigmund
D:3:      layout_basic, evilmike_ruin_ashenzari, minmay_splitting_lines,
          uniq_ijyb
D:4:      layout_loops_corners, grunt_temple_overflow_order_and_chaos_2,
          kennysheep_little_box
D:5:      layout_rooms, minmay_temple_entry_mini_moons, uniq_grinder
D:6:      layout_rooms, nicolae_overflow_hidden_temple,
          lemuel_coloured_pillars_altar, minitemple, gammafunk_ghost_smash
D:7:      layout_rooms, lemuel_doored_altar, lemuel_flamethrower_1

Skill      XL: |  1  2  3  4  5  6  7  8 |
---------------+-------------------------+-----
Spellcasting   | 4 6 7 8 10 | 10.6
Fire Magic     | 4 6 7 8 |  8.8
Stealth        | 3 4 |  4.4
Conjurations   | 2 3 4 |  4.7
Fighting       | 1 |  1.2
Dodging        | 3 |  3.5
Short Blades   | 1 |  1.0

Action                   |  1- 3 |  4- 6 |  7- 9 || total
-------------------------+-------+-------+-------++-------
Melee: Unarmed           |    48 |       |       ||    48
       Dagger            |       |    38 |    38 ||    76
 Cast: Foxfire           |    81 |   123 |   173 ||   377
       Sticky Flame      |       |     1 |     8 ||     9
       Conjure Flame     |       |       |     4 ||     4
Evoke: Wand              |       |       |     3 ||     3
  Use: Potion            |       |       |     1 ||     1
 Stab: Sleeping          |     3 |     1 |     2 ||     6
Armor: Robe              |    22 |     6 |    10 ||    38
Dodge: Dodged            |    54 |    38 |    57 ||   149

Table legend: (Time is in decaauts)
 A = Elapsed time spent in this place.
 B = Non-inter-level travel time spent in this place.
 C = Inter-level travel time spent in this place.
 D = Time resting spent in this place.
 E = Time spent auto-exploring this place.
 F = Levels seen in this place.
 G = Mean time per level.
                   A        B        C        D        E       F      G
               +--------+--------+--------+--------+--------+-----+--------+
         Total |   7791 |   7658 |    133 |    258 |   6062 |   7 | 1113.0 |
       Dungeon |   7791 |   7658 |    133 |    258 |   6062 |   7 | 1113.0 |
               +--------+--------+--------+--------+--------+-----+--------+

Top non-repeatable levels by time:
     D:2: 1822 daAuts
     D:6: 1333 daAuts
     D:1: 1310 daAuts
     D:3: 1270 daAuts
     D:4: 982 daAuts
     D:5: 707 daAuts
     D:7: 364 daAuts
